AoeStats
← knut.lip

Arena

504714927Analyzed
4v4 RM · 26d ago on Sep 6, 2026· 89m 12s· 8 players
Game mode
Random Map
Map size
Large (8 player)
Population
200
Speed
Normal
Resources
Standard
Victory
Conquest
Starting age
Dark Age
Ending age
Imperial Age
RankedLock teamsTeams togetherTeam positionsShared explorationLock speedFull tech treeHidden civsTurbo modeCheats
Victory
Defeat
🇺🇸 Turks · United States
812
+13
🇩🇪 Spanish · Germany
812
+35
🇨🇿 Bohemians · Czechia
577
+23
🇦🇺 Persians · Australia
574
+24
🇨🇳 Wu · China
802
-21
🇹🇷 Slavs · Türkiye
754
-19
🇨🇳 Khmer · China
714
-17
🇨🇳 Japanese · China
695
-16
lIlKIKOlIl
0:28 Loom
10:54 Feudal Age
12:32 Wheelbarrow
11:41 Horse Collar
11:49 Double-Bit Axe
18:31 Castle Age
19:40 Heavy Plow
26:23 Bow Saw
29:42 Stone Mining
32:32 Wheelbarrow
34:36 Imperial Age
31:57 Town Watch
32:10 Gold Mining
32:42 Detinets
33:26 Gold Shaft Mining
34:00 Hand Cart
33:46 Town Patrol
33:54 Caravan
35:13 Forging
35:04 Scale Mail Armor
34:55 Fletching
34:39 Man-at-Arms
35:20 Squires
35:55 Crop Rotation
36:28 Two-Man Saw
35:20 Long Swordsman
36:38 Iron Casting
37:58 Conscription
37:40 Druzhina
38:17 Hoardings
37:11 Two-Handed Swordsman
38:16 Chain Mail Armor
39:27 Blast Furnace
37:59 Champion
41:08 Plate Mail Armor
41:59 Pikeman
42:50 Scale Barding Armor
42:40 Bodkin Arrow
42:46 Padded Archer Armor
42:10 Elite Boyar
42:21 Sappers
42:30 Halberdier
58:09 Bloodlines
58:00 Husbandry
58:23 Chain Barding Armor
60:21 Plate Barding Armor
220287
12:10 Feudal Age
13:38 Double-Bit Axe
16:26 Castle Age
14:29 Horse Collar
16:27 Forging
16:13 Man-at-Arms
17:11 Squires
19:20 Scale Mail Armor
19:42 Long Swordsman
24:13 Bow Saw
25:31 Iron Casting
31:22 Gambesons
31:54 Chain Mail Armor
33:08 Gold Mining
36:58 Pikeman
39:48 Wheelbarrow
44:31 Imperial Age
42:27 Fletching
45:41 Conscription
45:55 Onager
46:39 Town Watch
47:10 Hand Cart
47:37 Plate Mail Armor
49:06 Halberdier
52:01 Bodkin Arrow
55:29 Chemistry
54:19 Elite Samurai
57:59 Blast Furnace
56:48 Arson
60:00 Murder Holes
63:38 Thumb Ring
64:00 Parthian Tactics
62:56 Heavy Cavalry Archer
63:48 Heavy Cavalry Archer
66:25 Capped Ram
LlL
9:31 Feudal Age
16:24 Castle Age
15:03 Double-Bit Axe
15:20 Horse Collar
15:32 Stone Mining
16:25 Gold Mining
19:19 Wheelbarrow
21:08 Loom
29:25 Gold Shaft Mining
29:25 Stone Shaft Mining
30:31 Red Cliffs Tactics
30:37 Fletching
30:48 Padded Archer Armor
30:32 Treadmill Crane
31:12 Ballistics
35:26 Imperial Age
33:33 Hand Cart
34:14 Bow Saw
34:07 Heavy Plow
34:23 Bodkin Arrow
34:43 Leather Archer Armor
34:51 Leather Archer Armor
35:55 Pikeman
36:57 Bracer
36:46 Halberdier
38:37 Conscription
39:40 Forging
39:31 Scale Mail Armor
40:54 Sitting Tiger
40:47 Elite Fire Archer
44:03 Two-Man Saw
44:02 Light Cavalry
44:53 Bloodlines
44:44 Husbandry
47:24 Iron Casting
46:56 Scale Barding Armor
48:06 Hussar
48:50 Husbandry
50:55 Blast Furnace
50:16 Chain Barding Armor
含昱
1:11 Loom
14:21 Feudal Age
15:42 Wheelbarrow
14:53 Town Watch
15:31 Horse Collar
15:40 Double-Bit Axe
18:57 Gold Mining
19:01 Stone Mining
21:37 Castle Age
26:58 Imperial Age
27:18 Bow Saw
27:12 Heavy Plow
28:17 Hand Cart
35:09 Elite Skirmisher
36:02 Forging
35:58 Scale Barding Armor
35:54 Scale Mail Armor
35:55 Padded Archer Armor
35:45 Fletching
40:07 Double Crossbow
50:33 Elite Ballista Elephant
53:09 Gold Shaft Mining
53:13 Stone Shaft Mining
52:53 Caravan
53:03 Town Watch
54:04 Iron Casting
53:45 Chain Mail Armor
53:50 Chain Barding Armor
53:26 Bodkin Arrow
53:46 Leather Archer Armor
56:25 Tusk Swords
58:41 Plate Barding Armor
58:06 Bracer
59:08 Blast Furnace
58:26 Leather Archer Armor
72:03 Ring Archer Armor
moe
0:29 Loom
11:52 Feudal Age
12:28 Feudal Age
15:09 Wheelbarrow
20:10 Castle Age
18:05 Double-Bit Axe
20:41 Town Watch
21:28 Bow Saw
24:27 Horse Collar
25:40 Hand Cart
27:29 Heavy Plow
30:46 Gold Mining
38:03 Imperial Age
36:32 Caravan
37:21 Treadmill Crane
38:53 Ballistics
38:38 Fletching
39:11 Conscription
39:52 Gold Shaft Mining
39:15 Murder Holes
39:42 Elite Janissary
40:44 Bombard Tower
40:46 Forging
40:43 Scale Barding Armor
42:12 Town Patrol
42:03 Heavy Camel Rider
42:44 Husbandry
42:54 Bloodlines
43:24 Bodkin Arrow
43:34 Padded Archer Armor
44:52 Artillery
45:17 Bracer
45:36 Leather Archer Armor
46:50 Iron Casting
52:20 Artillery
53:51 Hoardings
57:11 Stone Mining
57:45 Bombard Tower
78:58 Thumb Ring
84:31 Blast Furnace
86:54 Chain Barding Armor
90:19 Plate Barding Armor
90:19 Ring Archer Armor
Kapitan Klak
11:47 Feudal Age
12:24 Double-Bit Axe
18:37 Horse Collar
28:50 Castle Age
26:44 Man-at-Arms
29:44 Crossbowman
32:09 Bow Saw
32:30 Heavy Plow
37:11 Chemistry
37:22 Fervor
40:13 Treadmill Crane
39:57 Pikeman
40:37 Squires
44:21 Town Watch
44:21 Loom
45:55 Fortified Wall
48:34 Masonry
51:07 Imperial Age
51:04 Fletching
51:14 Padded Archer Armor
51:25 Forging
51:18 Squires
52:12 Conscription
55:18 Two-Man Saw
59:10 Arson
71:08 Scale Mail Armor
71:43 Iron Casting
71:58 Town Patrol
72:34 Wheelbarrow
72:32 Architecture
72:10 Siege Engineers
72:40 Halberdier
75:03 Houfnice
82:26 Chain Mail Armor
83:12 Blast Furnace
knut.lip
10:59 Feudal Age
12:47 Loom
16:58 Castle Age
15:05 Double-Bit Axe
15:03 Horse Collar
20:28 Heavy Plow
22:59 Bow Saw
28:55 Wheelbarrow
29:46 Husbandry
29:57 Bloodlines
29:08 Light Cavalry
32:49 Imperial Age
32:23 Scale Barding Armor
32:29 Forging
32:51 Hand Cart
32:22 Town Watch
33:10 Town Patrol
33:36 Chain Barding Armor
32:54 Cavalier
32:55 Light Cavalry
34:12 Conscription
35:10 Two-Man Saw
34:09 Hussar
36:41 Paladin
40:29 Plate Barding Armor
40:30 Iron Casting
42:09 Caravan
46:32 Blast Furnace
51:49 Guilds
DV15s
0:52 Loom
13:20 Feudal Age
13:56 Double-Bit Axe
14:49 Wheelbarrow
14:00 Town Watch
13:58 Horse Collar
17:11 Gold Mining
17:15 Stone Mining
22:37 Castle Age
23:50 Gold Shaft Mining
23:28 Bow Saw
23:23 Heavy Plow
24:30 Bloodlines
24:21 Husbandry
26:54 Forging
33:31 Murder Holes
36:42 Stone Shaft Mining
37:07 Hand Cart
39:24 Town Patrol
43:44 Light Cavalry
64:45 Ballistics
64:16 Heated Shot
67:43 Caravan
74:23 Masonry
84:30 Coinage
Connection lost

Rejoining the realm…

Still unreachable

The connection could not be restored.

Session expired

The server has moved on; the page needs a fresh start.